 Dungeon Crawl Stone Soup version 0.28.0-47-ge53b351184 (webtiles) character file.

Game seed: 10473753695973941459

3440 bobregger the Nimble (level 9, -7/108 HPs)
             Began as a Demonspawn Berserker on Apr 27, 2022.
             Was a Priest of Trog.
             Mangled by a spriggan
             ... wielding a +0 trident
              (9 damage)
             ... in a bailey.
             The game lasted 00:11:49 (11202 turns).

bobregger the Nimble (Demonspawn Berserker)        Turns: 11202, Time: 00:11:50

Health: -7/108     AC:  5    Str: 16 (18) XL:     9   Next: 77%
Magic:  9/9        EV: 17    Int:  5 (8)  God:    Trog [***...]
Gold:   370        SH:  5    Dex: 17      Spells: 8/8 levels left

rFire   . . .      SeeInvis .     - Unarmed
rCold   . . .      Faith    .   (no shield)
rNeg    . . .      Spirit   .   c - +0 leather armour
rPois   .          Reflect  +   (no helmet)
rElec   .          Harm     .   h - +1 cloak {Stlth+}
rCorr   .          Rampage  .   (no gloves)
Will    ++...                   (no boots)
Stlth   ..........              k - amulet of reflection
HPRegen 1.28/turn               (no ring)
MPRegen 0.11/turn               (no ring)

@: berserking (expiring), strong-willed, regenerating, very quick
A: claws 1, spiny 2
a: Renounce Religion, Berserk, Trog's Hand


You were in a bailey.
You worshipped Trog.
Trog was most pleased with you.
You visited 1 branch of the dungeon, and saw 8 of its levels.
You also visited: Bailey.

You collected 370 gold pieces.

Inventory:

Armour
 c - a +0 leather armour (worn)
 h - a +1 cloak of stealth (worn)
Jewellery
 k - an amulet of reflection (around neck)
Wands
 m - a wand of iceblast (2)
 p - a wand of acid (12)
Scrolls
 b - 2 scrolls of blinking
 d - a scroll of torment
 e - 2 scrolls of teleportation
 g - 2 scrolls of fog
 j - a scroll of enchant weapon (quivered)
 l - a scroll of brand weapon
Potions
 f - a potion of cancellation
 i - a potion of heal wounds


   Skills:
 + Level 7.6 Fighting
 - Level 1.7 Armour
 * Level 9.3 Dodging
 + Level 6.9 Unarmed Combat


You had 8 spell levels left.
You didn't know any spells.
Your spell library was empty.

Dungeon Overview and Level Annotations

Branches:
Dungeon (8/15)             Temple (0/1) D:4          Bailey (1/1)
   Lair: D:8-11

Altars:
Ashenzari

Shops:
D:4 (   D:6 :


Innate Abilities, Weirdness & Mutations

You have sharp fingernails.
You are mostly covered in sharp spines.


Message History

The ogre shouts!
Your skin crawls.
You feel strong-willed. The ogre closely misses you.
The spriggan barely misses you.
A red film seems to cover your vision as you go berserk!
You feel yourself moving faster!
You feel mighty!
The spriggan hits you from afar with a +0 trident.
The ogre barely misses you.
You feel a strong urge to attack something.
The ogre hits you from afar with a +0 halberd!
The spriggan closely misses you.
The spriggan splashes around in the water.
The spriggan is struck by your spines. The spriggan barely misses you.
You mangle the ogre!!
The ogre is severely wounded.
The ogre barely misses you. You block the ogre's attack.
The spriggan closely misses you.
You claw the ogre!
You kill the ogre!
Trog accepts your kill.
The spriggan hits you from afar with a +0 trident.
The spriggan is struck by your spines.
The spriggan hits you with a +0 trident!
* * * LOW HITPOINT WARNING * * *
The ogre closely misses you.
You feel your dexterity returning. The ogre misses you.
The spriggan is struck by your spines.
The spriggan hits you with a +0 trident!
* * * LOW HITPOINT WARNING * * *
The spriggan barely misses you.
Things that are here:
a +0 halberd; an ogre corpse You barely miss the ogre.
The ogre is moderately wounded.
The ogre hits you from afar with a +0 halberd!
* * * LOW HITPOINT WARNING * * *
You claw the ogre!
The ogre is heavily wounded.
The spriggan hits you with a +0 trident!
You die...

#########
##.......## ###
##.........##
##.##
##..##♣#♣##..##
##...## ##..#♣
##..## #.....#
##..## ##).##
##.....###iO#♣
#...#
#...∩..≈)i.@#
♣...#
#......≈)≈.i♣
♣≈..#
#.)....≈≈O..#
≈≈..#
#......≈≈≈..#
#≈..#
#...∩..≈≈≈..♣
#...#
##.....###..#
#...# #.....#
##..# ♣..##
##...## ##..#
##.## #..


You could see 2 ogres and 3 spriggans.

Vanquished Creatures
  Eustachio (D:6)
  3 yaks (D:8)
  A steam dragon (D:7)
  A hornet zombie (D:8)
  4 sky beasts
  2 ice beasts
  6 ogres
  A gnoll sergeant (D:5)
  2 scorpions
  A water moccasin zombie (D:5)
  5 killer bees
  2 wyvern skeletons
  6 howler monkeys
  A jelly (D:6)
  3 orc priests
  A bullfrog zombie (D:6)
  4 hounds
  Crazy Yiuf (D:6)
  A bullfrog skeleton (D:5)
  Jessica (D:3)
  A centaur skeleton (D:7)
  3 iguanas
  3 orc wizards
  A killer bee zombie (D:4)
  8 adders
  10 gnolls
  2 worms
  2 dart slugs
  17 orcs
  4 endoplasms
  6 giant cockroaches
  10 goblins
  8 hobgoblins
  9 jackals
  5 kobolds
  4 quokkas
  10 ball pythons
  4 bats
  5 frilled lizards
  7 rats
166 creatures vanquished.

Vanquished Creatures (others)
  4 plants (D:2)
4 creatures vanquished.

Grand Total: 170 creatures vanquished

Notes
Turn   | Place    | Note
-------+----------+-------------------------------------------
     0 | D:1      | bobregger the Demonspawn Berserker began the quest for the
                  | Orb.
     0 | D:1      | Reached XP level 1. HP: 18/18 MP: 1/1
    48 | D:1      | Reached skill level 2 in Dodging
   175 | D:1      | Gained mutation: You are partially covered in sharp spines.
                  | [demonic ancestry]
   175 | D:1      | Reached XP level 2. HP: 24/24 MP: 2/2
   578 | D:1      | Reached ** piety under Trog
   690 | D:1      | Gained mutation: You have sharp fingernails. [demonic
                  | ancestry]
   690 | D:1      | Reached XP level 3. HP: 29/29 MP: 3/3
  1610 | D:2      | Found a faded altar of an unknown god.
  1747 | D:2      | You fall into a shaft and drop 2 floors!
  1790 | D:4      | Found Foufimi's Antique Weapon Shop.
  1818 | D:3      | Reached skill level 3 in Dodging
  1820 | D:3      | Reached XP level 4. HP: 35/35 MP: 4/4
  2688 | D:3      | Reached XP level 5. HP: 32/42 MP: 5/5
  3079 | D:3      | Noticed Jessica
  3084 | D:3      | Killed Jessica
  3085 | D:3      | Reached skill level 4 in Dodging
  3551 | D:4      | Reached XP level 6. HP: 26/48 MP: 6/6
  4333 | D:4      | Reached *** piety under Trog
  4562 | D:4      | Reached skill level 5 in Dodging
  5258 | D:4      | Found a staircase to the Ecumenical Temple.
  5297 | D:5      | Entered Level 5 of the Dungeon
  5301 | D:4      | Reached XP level 7. HP: 51/55 MP: 7/7
  6047 | D:5      | Reached skill level 5 in Fighting
  6744 | D:5      | Reached skill level 6 in Dodging
  6908 | D:6      | Found Jugoxkus's Book Shop.
  6996 | D:6      | Reached skill level 5 in Unarmed Combat
  6996 | D:6      | Reached XP level 8. HP: 26/63 MP: 8/8
  7465 | D:6      | Noticed Eustachio
  7745 | D:6      | Killed Eustachio
  7746 | D:6      | Reached skill level 7 in Dodging
  7970 | D:6      | Found a runed translucent door.
  7971 | D:6      | Noticed Crazy Yiuf
  8116 | D:6      | Found a broken altar of Ashenzari.
  8183 | D:6      | Killed Crazy Yiuf
  9363 | D:7      | Gained mutation: You are mostly covered in sharp spines.
                  | [demonic ancestry]
  9363 | D:7      | Reached XP level 9. HP: 71/71 MP: 9/9
  9376 | D:7      | Reached skill level 8 in Dodging
 10440 | D:8      | Found a flagged portal.
 10477 | Bailey   | Entered a bailey
 10997 | Bailey   | Reached skill level 9 in Dodging
 11201 | Bailey   | HP: 1/108 [ogre/+0 halberd (12)]
 11202 | Bailey   | Mangled by a spriggan

Illustrated notes

Levels and vault maps discovered:
D:1:      amcnicky_arrival_choice, layout_rooms, minivault_26
D:2:      layout_loops_cross, basic_ecumenical_altar, fountainhead,
          minmay_misc_feat_alley, serial_bayou_crossing
D:3:      layout_basic, uniq_jessica
D:4:      layout_loops_corners, minmay_temple_entry_fiery, serial_shops,
          nicolae_shop_trees, minmay_vboxes
D:5:      layout_basic
D:6:      layout_layer_cave, general_overflow_altar, serial_shops,
          nicolae_shop_hallway_stairs, uniq_eustachio, uniq_crazy_yiuf_cottage
D:7:      layout_basic
D:8:      layout_basic, enter_bailey_5, guppyfry_shop_venom
Bailey:   bailey_polearm_enchanted_keep_hellmonk, bailey

Skill      XL: |  1  2  3  4  5  6  7  8  9 |
---------------+----------------------------+-----
Dodging        | 2 3 4 5 6 7 9 |  9.3
Unarmed Combat | 3 4 5 6 |  6.9
Fighting       | 4 5 6 7 |  7.6
Armour         | |  1.7

Action                   |  1- 3 |  4- 6 |  7- 9 || total
-------------------------+-------+-------+-------++-------
Melee: Unarmed           |    88 |   149 |   252 ||   489
       Punch             |     1 |     1 |    11 ||    13
Invok: Berserk           |     1 |     4 |    10 ||    15
       Trog's Hand       |       |       |     2 ||     2
  Use: Scroll            |       |     7 |     6 ||    13
       Potion            |       |       |    16 ||    16
 Stab: Sleeping          |     3 |       |     2 ||     5
Armor: Animal skin       |     9 |    20 |     8 ||    37
       Skin              |       |       |    46 ||    46
       Leather armour    |       |       |    16 ||    16
Dodge: Dodged            |    55 |    67 |   214 ||   336
Block: Other             |       |    22 |    74 ||    96
       Reflection        |       |       |     1 ||     1
